 Dungeon Crawl Stone Soup version 0.30.0 (webtiles) character file.

Game seed: 9358242841526627775

5616 jasper the Cleaver (level 10, -3/65 HPs)
             Began as a Gargoyle Cinder Acolyte on May 6, 2023.
             Was a Priest of Ignis.
             Slain by an orc warrior
             ... wielding a +0 glaive
              (13 damage)
             ... on level 10 of the Dungeon.
             The game lasted 00:09:49 (7289 turns).

jasper the Cleaver (Gargoyle Cinder Acolyte)        Turns: 7289, Time: 00:09:49

Health: -3/65      AC: 34    Str: 22    XL:     10   Next: 73%
Magic:  0/20       EV: 10    Int: 15    God:    Ignis [***...]
Gold:   488        SH:  0    Dex:  5    Spells: 9/11 levels left

rFire   + . .        V - +6 battleaxe
rCold   + . .        (shield currently unavailable)
rNeg    + . .        R - +5 ring mail of Anosaiho {rElec rC+ Slay+6}
rPois   ∞            O - +0 helmet
rElec   +            N - +1 cloak
rCorr   .            w - +0 pair of gloves
SInv    .            (no boots)
Will    .....        k - amulet of guardian spirit Stlth
                     M - ring of magical power
HPRegen 0.30/turn    h - +4 ring of protection
MPRegen 0.17/turn

%: guardian spirit
@: rising, fiery-armoured, flying
A: sickness immunity, AC +7, negative energy resistance 1, electricity
resistance, torment resistance 1, petrification resistance
a: Renounce Religion, Fiery Armour, Foxfire Swarm


You were on level 10 of the Dungeon.
You worshipped Ignis.
Ignis was most pleased with you.
You visited 1 branch of the dungeon, and saw 10 of its levels.

You collected 488 gold pieces.

Inventory:

Hand Weapons
 a - a -1 hand axe of flaming
 Q - a +0 antimagic spear
 V - a +6 battleaxe (weapon)
Missiles
 q - 55 poisoned darts
 E - 4 boomerangs (quivered)
Armour
 b - a +0 robe
 c - a +0 leather armour
 r - a +0 chain mail
 u - a +0 plate armour
 w - a +0 pair of gloves (worn)
 N - a +1 cloak (worn)
 O - a +0 helmet (worn)
 R - the +5 ring mail of Anosaiho (worn) {rElec rC+ Slay+6}
   (You found it on level 8 of the Dungeon)

   Slay:      It affects your accuracy & damage with ranged weapons and melee
   (+6).
   rC:        It protects you from cold.
   rElec:     It insulates you from electricity.
Jewellery
 e - a ring of wizardry
 h - a +4 ring of protection (right hand)
 k - an amulet of guardian spirit (around neck)
 y - a +6 ring of intelligence
 F - a ring of willpower
 M - a ring of magical power (left hand)
 P - an amulet of magic regeneration
 S - a ring of protection from cold
Wands
 t - a wand of paralysis (4)
Scrolls
 i - 2 scrolls of enchant armour {unknown}
 j - 3 scrolls of fear {unknown}
 l - 6 scrolls of identify {unknown}
 n - 2 scrolls of noise {unknown}
 o - 6 scrolls of teleportation {unknown}
 p - 3 scrolls of poison {unknown}
 s - 2 scrolls of immolation {unknown}
 v - a scroll of torment {unknown}
 x - a scroll of magic mapping {unknown}
 H - 2 scrolls of amnesia {unknown}
 I - a scroll of blinking {unknown}
 K - a scroll of butterflies {unknown}
 U - a scroll of fog {unknown}
Potions
 d - 3 potions of haste {unknown}
 f - 2 potions of ambrosia {unknown}
 g - a potion of degeneration {unknown}
 m - 4 potions of mutation {unknown}
 z - 5 potions of heal wounds {unknown}
 A - 3 potions of attraction {unknown}
 B - 2 potions of curing {unknown}
 C - a potion of lignification {unknown}
 D - 2 potions of invisibility {unknown}
 G - 3 potions of might
 J - a potion of flight {unknown}
Miscellaneous
 T - a tin of tremorstones (inert)


   Skills:
 + Level 8.4 Fighting
 * Level 9.6 Axes
 - Level 2.0 Throwing
 + Level 7.5 Armour
 - Level 1.0 Spellcasting
 - Level 3.0 Fire Magic
 - Level 6.0 Evocations


You had 9 spell levels left.
You knew the following spells:

 Your Spells              Type           Power      Damage    Failure   Level
a - Scorch                Fire           18%        2d6       16%         2

Your spell library contained the following spells:

 Spells                   Type           Power      Damage    Failure   Level
 Apportation              Tloc           0%         N/A       36%         1
 Kiss of Death            Conj/Necr      0%         2d5       36%         1
 Necrotise                Necr           0%         1d4       36%         1
 Summon Small Mammal      Summ           0%         N/A       36%         1
 Ensorcelled Hibernation  Hex/Ice        0%         N/A       50%         2
 Confusing Touch          Hex            0%         N/A       73%         3
 Spider Form              Tmut/Pois      0%         N/A       73%         3
 Stone Arrow              Conj/Erth      0%         3d7       73%         3
 Anguish                  Hex/Necr       0%         N/A       98%         4
 Animate Armour           Summ/Erth      0%         N/A       98%         4
 Cause Fear               Hex            0%         N/A       98%         4
 Dispel Undead            Necr           0%         3d6       98%         4
 Summon Forest            Summ/Tloc      0%         N/A       100%        5
 Summon Mana Viper        Hex/Summ       0%         N/A       100%        5
 Death Channel            Necr           0%         N/A       100%        6
 Summon Cactus Giant      Summ           0%         N/A       100%        6
 Dragon Form              Tmut           0%         N/A       100%        7
 Lehudib's Crystal Spear  Conj/Erth      0%         10d2      100%        8
 Dragon's Call            Summ           0%         N/A       100%        9
 Cigotuvi's Dreadful Rot  Necr/Pois/Air  Unusable   N/A       N/A         2

Dungeon Overview and Level Annotations

Branches:
Dungeon (10/15)            Temple (0/1) D:7             Orc (0/2) D:10
   Lair: D:8-11

Altars:
Cheibriados
Wu Jian
Xom
Yredelemnul
The Shining One


Innate Abilities, Weirdness & Mutations

You are immune to sickness and miasma.
Your stone body is resilient. (AC +7)
You are immune to poison.
You resist negative energy. (rN+)
You are resistant to electric shocks. (rElec)
You are resistant to unholy torment.
You are immune to petrification.


Message History

The orc priest hits you with a +0 short sword.
You slice the orc warrior!!
You kill the orc warrior!
You hit the orc priest.
The orc priest calls upon Beogh to heal the orc warrior.
The orc warrior is healed somewhat.
The orc warrior hits you but does no damage.
The orc priest calls down the wrath of Beogh upon you.
Pain shoots through your body!
The orc priest attacks as you move away!
The orc priest hits you but does no damage.
You slash the orc priest!
The orc priest is almost dead.
The orc priest hits you but does no damage.
You closely miss the orc priest.
The orc priest is almost dead.
The orc priest calls upon Beogh to heal the orc knight.
The orc knight is healed somewhat.
Okay, then.
You hit the orc priest.
You kill the orc priest!
A protective cloak of flame settles atop you.
The orc knight hits you with a +0 war axe!!
The orc knight is burned by your cloak of flames.
The orc knight is severely wounded.
The orc warrior hits you but does no damage.
You slash the orc knight!
The orc knight is almost dead.
The orc priest calls down the wrath of Beogh upon something.
Beogh smites you! The orc warrior barely misses you.
The orc knight hits you with a +0 war axe!
* * * LOW HITPOINT WARNING * * *
Items here: ))) [[ †.
You begin to rise into the air.
The orc priest no longer looks unusually strong.
The orc knight closely misses you.
The orc knight hits you but does no damage.
The orc warrior hits you from afar with a +0 glaive!
You die...

#........................
##########...............
.>..... #<...#..........
....... #...<#...#.....#
._.)⌠). #...)#....###.##
...))). ###..).....# ..#
.8).).o #..)...#.....##
####8)8#####)...#.#.....
....)oo@..#))....##..##.
....#..#o...##......... .
...#<#....###.........
.$.. #...##..###..#.....
.........##..# ..#..
.........##.... ... .
...###..#...## .. ...
#....... .. #.#..##./


You could see 2 orc knights, an orc warrior (strong) and an orc priest.

Vanquished Creatures
  A lindwurm (D:8)
  Grinder (D:6)
  A wraith (D:10)
  5 yaks (D:9)
  Edmund (D:6)
  An acid dragon (D:9)
  7 orc warriors
  2 ice beasts (D:7)
  3 ogres
  A sky beast (D:7)
  A phantom (D:4)
  A centaur (D:6)
  4 bullfrogs
  2 kobold brigands
  A gnoll sergeant (D:8)
  3 scorpions
  8 wights
  6 killer bees (D:9)
  A jelly (D:5)
  4 howler monkeys
  3 hounds
  5 orc priests
  A gnoll bouda (D:5)
  Crazy Yiuf (D:6)
  4 iguanas
  Terence (D:2)
  9 orc wizards
  20 gnolls
  9 adders
  A shadow imp (D:7)
  2 white imps
  2 ufetubi
  A worm (D:4)
  A dart slug (D:2)
  39 orcs
  4 bats
  7 endoplasms
  4 giant cockroaches
  5 goblins
  4 hobgoblins
  6 jackals
  5 quokkas
  3 ball pythons
  4 frilled lizards
  19 kobolds
  8 rats
222 creatures vanquished.

Notes
Turn   | Place    | Note
-------+----------+-------------------------------------------
     0 | D:1      | jasper the Gargoyle Cinder Acolyte began the quest for the
                  | Orb.
     0 | D:1      | Reached XP level 1. HP: 14/14 MP: 2/2
    42 | D:1      | Reached skill level 3 in Axes
    42 | D:1      | Reached XP level 2. HP: 10/19 MP: 3/3
   199 | D:1      | Found a faded altar of an unknown god.
   262 | D:1      | Reached skill level 1 in Armour
   568 | D:1      | Reached XP level 3. HP: 14/23 MP: 4/4
   649 | D:1      | Learned a level 2 spell: Scorch
  1198 | D:2      | Reached XP level 4. HP: 29/29 MP: 2/5
  1497 | D:2      | Noticed Terence
  1504 | D:2      | Killed Terence
  1620 | D:2      | Reached skill level 4 in Axes
  1714 | D:3      | Reached XP level 5. HP: 33/33 MP: 6/6
  1766 | D:3      | Reached XP level 6. HP: 29/39 MP: 5/7
  2321 | D:4      | Reached skill level 5 in Axes
  2456 | D:4      | Reached XP level 7. HP: 44/44 MP: 8/8
  2465 | D:4      | Identified the +0 leather armour of Durable Freedom {-Tele
                  | Dex+5}
  2543 | D:4      | Reached skill level 1 in Throwing
  2900 | D:5      | Entered Level 5 of the Dungeon
  3061 | D:5      | Reached skill level 1 in Evocations
  3067 | D:5      | HP: 1/44 [ogre/+0 giant club (9)]
  3590 | D:5      | Reached XP level 8. HP: 48/48 MP: 9/9
  4097 | D:5      | Reached skill level 5 in Evocations
  4141 | D:6      | Noticed Grinder
  4290 | D:6      | Killed Grinder
  4291 | D:6      | Reached skill level 5 in Fighting
  4328 | D:6      | Noticed Edmund
  4345 | D:6      | Killed Edmund
  4346 | D:6      | Reached skill level 6 in Axes
  4578 | D:6      | Found an ornate altar of the Wu Jian Council.
  4657 | D:6      | Found a runed translucent door.
  4658 | D:6      | Noticed Crazy Yiuf
  4694 | D:6      | Found a glowing golden altar of the Shining One.
  4713 | D:6      | Reached XP level 9. HP: 42/55 MP: 8/10
  4785 | D:6      | Found a shimmering altar of Xom.
  4876 | D:6      | Killed Crazy Yiuf
  5594 | D:7      | Reached skill level 5 in Armour
  5724 | D:7      | Found a staircase to the Ecumenical Temple.
  5900 | D:7      | Reached skill level 7 in Axes
  6144 | D:8      | Identified the +5 long sword "Akuna" {heavy, Fragile rPois
                  | rN+}
  6183 | D:8      | Identified the +5 ring mail of Anosaiho {rElec rC+ Slay+6}
  6294 | D:8      | Noticed a lindwurm
  6295 | D:8      | Noticed a lindwurm
  6296 | D:8      | Noticed a lindwurm
  6298 | D:8      | Noticed a lindwurm
  6299 | D:8      | Killed a lindwurm
  6300 | D:8      | Reached skill level 8 in Axes
  6363 | D:9      | Reached XP level 10. HP: 63/63 MP: 11/11
  6838 | D:9      | Reached skill level 9 in Axes
  6980 | D:9      | Found a basalt altar of Yredelemnul.
  7008 | D:9      | Found a snail-covered altar of Cheibriados.
  7074 | D:10     | Entered Level 10 of the Dungeon
  7275 | D:10     | Found a staircase to the Orcish Mines.
  7275 | D:10     | Noticed an orc knight
  7278 | D:10     | Noticed an orc knight
  7289 | D:10     | Slain by an orc warrior

Illustrated notes

Levels and vault maps discovered:
D:1:      onia_arrival_handbag, layout_basic, shapermc_ecumenical_altar_venn,
          corner_web_ring, minmay_domino_4
D:2:      layout_rooms, serial_corexii_hall, corexii_hall_statues_deadend,
          chequers_hall_statues_y, corexii_hall_statues_l,
          minmay_split_cup_small, uniq_terence
D:3:      layout_rooms
D:4:      layout_cave_pools, minmay_misc_feat_rugged
D:5:      layout_gridville
D:6:      layout_cave_pools, pdpol_wu_jian_five_deadly_venoms,
          nicolae_overflow_hidden_temple, uniq_edmund, uniq_crazy_yiuf_cottage,
          uniq_grinder
D:7:      layout_gridville, minmay_temple_entry_antechambers
D:8:      layout_rooms, minmay_lindwurm_lava
D:9:      layout_basic, cheibriados_altar_1,
          mainiacjoe_overflow_surrounded_room, minmay_misc_feat_room
D:10:     layout_cave_pools, david_orc_5

Skill      XL: |  1  2  3  4  5  6  7  8  9 10 |
---------------+-------------------------------+-----
Axes           | 3 4 5 6 8 9 |  9.6
Armour         | 1 2 3 4 6 7 |  7.5
Fighting       | 4 5 7 8 |  8.4
Throwing       | 2 |  2.0
Evocations     | 4 6 |  6.0
Spellcasting   | |  1.0
Fire Magic     | |  3.0

Action                     |  1- 3 |  4- 6 |  7- 9 | 10-12 || total
---------------------------+-------+-------+-------+-------++-------
  Melee: Hand axe          |    77 |   111 |   318 |    72 ||   578
         Battleaxe         |       |       |       |    28 ||    28
  Throw: Boomerang         |       |     4 |    75 |     1 ||    80
         Dart              |       |     1 |       |       ||     1
   Cast: Scorch            |    11 |     1 |       |       ||    12
 Invoke: Fiery Armour      |       |     2 |     4 |     1 ||     7
         Rising Flame      |       |       |       |     1 ||     1
  Evoke: Wand              |       |       |     5 |       ||     5
         Tin of tremorston |       |       |       |     2 ||     2
 Armour: Leather armour    |    27 |       |       |       ||    27
         Plate armour      |       |   138 |   245 |       ||   383
         Chain mail        |       |     6 |       |       ||     6
         Ring mail         |       |       |     6 |    50 ||    56
  Dodge: Dodged            |    58 |    48 |   107 |    46 ||   259
